 Dungeon Crawl Stone Soup version 0.31.0-11-ge490571c62 (webtiles) character file.

Game seed: 9597891941882692139

1752 kosdos2 the Cleaver (level 9, -15/69 HPs)
             Began as a Formicid Fighter on Feb 5, 2024.
             Was an Initiate of Okawaru.
             Demolished by a two-headed ogre
             ... wielding a +0 dire flail
              (21 damage)
             ... on level 6 of the Dungeon.
             The game lasted 00:12:46 (5206 turns).

kosdos2 the Cleaver (Formicid Fighter)              Turns: 5206, Time: 00:12:47

Health: -15/69     AC: 10    Str: 26    XL:     9   Next: 27%
Magic:  0/9        EV: 14    Int:  7    God:    Okawaru [......]
Gold:   308        SH:  6    Dex: 19    Spells: 8/8 levels left

rFire   . . .        a - +0 war axe
rCold   . . .        c - +0 buckler
rNeg    . . .        f - +0 chain mail
rPois   .            (helmet unavailable)
rElec   .            (no cloak)
rCorr   .            (no gloves)
SInv    +            (no boots)
Will    .....        v - amulet of guardian spirit Stlth
                     y - +5 ring of evasion
HPRegen 0.31/turn    d - +6 ring of dexterity
MPRegen 0.11/turn

%: guardian spirit
@: no status effects
A: permanent stasis, dig shafts and tunnels, antennae 3, four strong arms
a: Dig, Shaft Self, Renounce Religion


You were on level 6 of the Dungeon.
You worshipped Okawaru.
Okawaru was noncommittal.
You visited 1 branch of the dungeon, and saw 6 of its levels.

You collected 308 gold pieces.

Inventory:

Hand Weapons
 a - a +0 war axe (weapon)
 b - a +0 sling
Missiles
 m - 30 stones
Armour
 c - a +0 buckler (worn)
 f - a +0 chain mail (worn)
 l - a +0 scale mail
Jewellery
 d - a +6 ring of dexterity (right hand)
 h - a ring of protection from fire
 v - an amulet of guardian spirit (around neck)
 y - a +5 ring of evasion (left hand)
Wands
 x - a wand of flame (29)
Scrolls
 e - a scroll of fog {unknown}
 i - 2 scrolls of revelation {unknown}
 k - 2 scrolls of enchant weapon {unknown}
 n - 2 scrolls of teleportation {unknown}
 o - 7 scrolls of identify {unknown}
 q - 2 scrolls of fear {unknown}
 w - a scroll of brand weapon {unknown}
 z - 2 scrolls of amnesia {unknown}
 C - a scroll of immolation {unknown}
 D - a scroll of noise {unknown}
 E - a scroll of enchant armour {unknown}
 F - a scroll of vulnerability {unknown}
Potions
 g - 5 potions of lignification {unknown}
 j - 2 potions of brilliance {unknown}
 p - 8 potions of curing {unknown}
 r - 3 potions of heal wounds {unknown}
 s - a potion of ambrosia {unknown}
 t - a potion of invisibility {unknown}
 u - 4 potions of mutation {unknown}
 A - a potion of berserk rage {unknown}
 B - a potion of cancellation {unknown}


   Skills:
 + Level 5.9 Fighting
 + Level 8.4 Axes
 + Level 6.4 Armour
 + Level 1.5 Dodging
 + Level 0.9 Stealth
 + Level 5.5 Shields
 + Level 0.5 Evocations


You had 8 spell levels left.
You didn't know any spells.
Your spell library was empty.

Dungeon Overview and Level Annotations

Branches:
Dungeon (6/15)
 Temple: D:4-7

Altars:
Ashenzari
Okawaru
Uskayaw
Wu Jian
Xom
Yredelemnul

Annotations:
D:4 1 runed translucent door, phunky83's ghost, novice DsFi


Innate Abilities, Weirdness & Mutations

You cannot be hasted, slowed, berserked, paralysed or teleported.
You can dig through walls and to a lower floor.
You have a pair of large antennae on your head. (SInv)
Your four strong arms can wield two-handed weapons with a shield.


Message History

No target in view!
You see here a fuming black potion.
You block the orc's attack.
You slash the orc!
You kill the orc!
No target in view!
g - 5 fuming black potions (gained 1)
A two-headed ogre comes into view.
It is wielding a +0 dire flail and a +0 giant spiked club.
The two-headed ogre shouts in stereo!
Aiming: Throw Flame
Press: ? - help, Q - select action, (/) - cycle Shift-Dir - straight line, f - two-headed ogre
Aim: a two-headed ogre, wielding a +0 dire flail and a +0 giant spiked club (85% to hit)
The puff of flame hits the two-headed ogre.
The two-headed ogre is lightly wounded.
You hit the two-headed ogre.
The two-headed ogre is moderately wounded.
The two-headed ogre misses you. You block the two-headed ogre's attack.
You hit the two-headed ogre but do no damage.
The two-headed ogre is lightly wounded.
The two-headed ogre hits you with a +0 dire flail.
The two-headed ogre hits you with a +0 giant spiked club!!
You slash the two-headed ogre!
The two-headed ogre is moderately wounded.
The two-headed ogre hits you with a +0 dire flail!!
The two-headed ogre hits you with a +0 giant spiked club!
You are too injured to fight recklessly!
You are too injured to fight recklessly!
You are too injured to fight recklessly!
You are too injured to fight recklessly!
You slash the two-headed ogre!
The two-headed ogre is severely wounded.
You hit the two-headed ogre but do no damage.
The two-headed ogre is severely wounded.
You block the two-headed ogre's attack.
The two-headed ogre hits you with a +0 giant spiked club!!
* * * LOW HITPOINT WARNING * * *
You slash the two-headed ogre!
The two-headed ogre is severely wounded.
The two-headed ogre hits you with a +0 dire flail!!
You die...

#...##### ##.# #.#
#.#.....#### ... #.#
#....§.§...# ##.. #.#
##...≈≈§§§...
...##.###..§..§§§..≈.
...#.....§§§§..§§≈≈.
#...###......_.....
#...###..≈≈.....≈≈.
#O@..##..≈..≈.≈..≈.
#.###.###...§≈.≈≈... { #.
##..# #..........#
####.####..####.#.#.######
....8.)...####....#.#
####.####.........#.# { {
##...#....#.#
##.###....... ...#
###.#...


You could see a two-headed ogre.

Vanquished Creatures
  5 yaks (D:5)
  2 sky beasts
  An ogre (D:5)
  A phantom (D:5)
  A scorpion (D:6)
  3 bombardier beetles
  4 hounds
  2 orc priests (D:5)
  Natasha (thrice) (D:4)
  Ijyb (D:4)
  An iguana (D:4)
  2 orc wizards (D:5)
  A hound zombie (D:3)
  8 adders
  3 gnolls (D:2)
  A white imp (D:5)
  2 ribbon worms (D:2)
  12 orcs
  8 endoplasms
  4 giant cockroaches
  4 goblins
  8 hobgoblins
  3 jackals
  7 kobolds
  4 quokkas
  9 ball pythons
  4 bats
  A frilled lizard (D:2)
  A quokka zombie (D:3)
  4 rats
110 creatures vanquished.

Vanquished Creatures (others)
  A jackal (D:2)
1 creature vanquished.

Grand Total: 111 creatures vanquished

Notes
Turn   | Place    | Note
-------+----------+-------------------------------------------
     0 | D:1      | kosdos2 the Formicid Fighter began the quest for the Orb.
     0 | D:1      | Reached XP level 1. HP: 18/18 MP: 1/1
   324 | D:1      | Reached XP level 2. HP: 20/24 MP: 2/2
   675 | D:1      | Found a faded altar of an unknown god.
   883 | D:1      | Reached XP level 3. HP: 29/29 MP: 3/3
  1221 | D:2      | Reached XP level 4. HP: 32/35 MP: 4/4
  1245 | D:2      | Reached skill level 3 in Axes
  1374 | D:2      | Reached XP level 5. HP: 38/42 MP: 5/5
  2537 | D:3      | Found a basalt altar of Yredelemnul.
  2759 | D:4      | Noticed Ijyb
  2764 | D:4      | Reached skill level 4 in Axes
  2764 | D:4      | Reached XP level 6. HP: 44/48 MP: 6/6
  2767 | D:4      | Killed Ijyb
  2788 | D:4      | Noticed a sky beast
  2795 | D:4      | Killed a sky beast
  2868 | D:4      | Reached skill level 5 in Axes
  3177 | D:4      | Found a runed translucent door.
  3177 | D:4      | Noticed phunky83's ghost (novice DsFi)
  3189 | D:4      | Reached XP level 7. HP: 54/54 MP: 7/7
  3367 | D:4      | Found a hide-covered altar of Uskayaw.
  3403 | D:4      | Noticed Natasha
  3411 | D:4      | Killed Natasha
  3581 | D:4      | Reached skill level 5 in Shields
  3653 | D:4      | Found a shimmering altar of Xom.
  3654 | D:4      | Found an ornate altar of the Wu Jian Council.
  3691 | D:4      | Noticed Natasha
  3701 | D:4      | Killed Natasha
  3796 | D:4      | Noticed Natasha
  3806 | D:4      | Killed Natasha
  3954 | D:5      | Entered Level 5 of the Dungeon
  3971 | D:5      | Reached skill level 6 in Axes
  3972 | D:5      | Noticed a yak
  3993 | D:5      | Noticed a yak
  3994 | D:5      | Noticed a yak
  3995 | D:5      | Noticed a yak
  4009 | D:5      | Noticed a yak
  4012 | D:5      | Killed a yak
  4013 | D:5      | Reached skill level 1 in Dodging
  4013 | D:5      | Reached XP level 8. HP: 32/61 MP: 3/8
  4015 | D:5      | Killed a yak
  4016 | D:5      | Reached skill level 5 in Armour
  4182 | D:5      | Killed a yak
  4183 | D:5      | Reached skill level 5 in Fighting
  4183 | D:5      | Reached skill level 7 in Axes
  4220 | D:5      | Killed a yak
  4225 | D:5      | Killed a yak
  4353 | D:5      | HP: 2/62 [orc priest/divine providence (9)]
  4358 | D:5      | Reached XP level 9. HP: 4/68 MP: 1/9
  4656 | D:5      | Reached skill level 8 in Axes
  4690 | D:5      | Found an iron altar of Okawaru.
  4694 | D:5      | Became a worshipper of Warmaster Okawaru
  5127 | D:6      | Found a broken altar of Ashenzari.
  5199 | D:6      | Noticed a two-headed ogre
  5206 | D:6      | Demolished by a two-headed ogre

Illustrated notes

Levels and vault maps discovered:
D:1:      minmay_arrival_three_doors, layout_basic,
          dreamdust_ecumenical_altar_hidden_monk_grotto,
          minmay_misc_feat_ornament
D:2:      minmay_spotlight, layout_loops_cross
D:3:      layout_basic, lemuel_zombie_altar_yredelemnul
D:4:      layout_cave_pods, amcnicky_altar_gilded,
          gammafunk_temple_overflow_pools, serial_rivers,
          chequers_serial_rivers_micro_b, chequers_serial_rivers_micro_b,
          chequers_serial_rivers_large_b, chequers_serial_rivers_room_a,
          hellmonk_ghost_happy_afterlife, uniq_natasha, uniq_ijyb
D:5:      layout_loops_cross, mainiacjoe_overflow_six_doors_small
D:6:      layout_loops_ring, mainiacjoe_overflow_small_starburst,
          mainiacjoe_overflow_brackets, temple_pool_b, kb_rosetta

Skill      XL: |  1  2  3  4  5  6  7  8  9 |
---------------+----------------------------+-----
Axes           | 3 4 5 6 7 8 |  8.4
Armour         | 4 6 |  6.4
Fighting       | 4 5 |  5.9
Shields        | 5 |  5.5
Dodging        | 1 |  1.5
Stealth        | |  0.9
Evocations     | |  0.5

Action                     |  1- 3 |  4- 6 |  7- 9 || total
---------------------------+-------+-------+-------++-------
  Melee: War axe           |    73 |   158 |   152 ||   383
  Evoke: Wand              |       |     5 |     1 ||     6
    Use: Potion            |       |     1 |     1 ||     2
 Armour: Scale mail        |    14 |       |       ||    14
         Chain mail        |    39 |   104 |    89 ||   232
  Dodge: Dodged            |    32 |    62 |    57 ||   151
  Block: Buckler           |    16 |    35 |    30 ||    81
